 Dungeon Crawl Stone Soup version 0.19.3 (webtiles) character file.

2836 TryAgain the Covert (level 9, -6/57 HPs)
             Began as a Vampire Ice Elementalist on Jan 23, 2017.
             Was a Follower of Vehumet.
             Mangled by an orc warrior
             ... wielding a +0 trident
              (17 damage)
             ... on level 7 of the Dungeon.
             The game lasted 00:54:58 (9812 turns).

TryAgain the Covert (Vampire Ice Elementalist)      Turns: 9812, Time: 00:54:58

Health: -6/57      AC:  4    Str:  7    XL:     9   Next: 45%
Magic:  6/17       EV: 16    Int: 19    God:    Vehumet [*.....]
Gold:   89         SH:  0    Dex: 16    Spells: 7 memorised, 5 levels left

rFire  . . .     SeeInvis +     y - +2 mace (protect)
rCold  . . .     Gourm    .     o - +0 leather armour of the Bells {+Inv}
rNeg   + . .     Faith    .     (no shield)
rPois  .         Spirit   .     (helmet restricted)
rElec  .         Reflect  .     (no cloak)
rCorr  .         Harm     .     A - +0 pair of gloves
MR     +....                    (no boots)
Stlth  ++++......               (no amulet)
                                (no ring)
                                q - ring of protection from magic

@: no status effects
A: antennae 1, fangs 3, see invisible, agile 1, dopey 1, unbreathing
a: Bat Form, Renounce Religion, Evoke Invisibility


You were on level 7 of the Dungeon.
You worshipped Vehumet.
Vehumet was aware of your devotion.
You were not thirsty.

You visited 2 branches of the dungeon, and saw 8 of its levels.
You also visited: Sewer.

You collected 320 gold pieces.
You spent 231 gold pieces at shops.

Inventory:

Hand Weapons
 c - a +0 shortbow
 g - a +4 halberd
 l - a +0 short sword of flaming
 u - a +0 shortbow
 v - a +0 hunting sling
 w - a +1 dagger of draining
 y - a +2 mace of protection (weapon)
Missiles
 j - 58 arrows
 p - 22 poisoned needles
Armour
 a - a +0 robe
 h - a +0 helmet
 o - the +0 leather armour of the Bells (worn) {+Inv}
   (You bought it in a shop on level 7 of the Dungeon)

   It lets you turn invisible.
 A - a +0 pair of gloves (worn)
Jewellery
 q - a ring of protection from magic (left hand)
Wands
 f - a wand of confusion (42/48)
 z - a wand of iceblast (8/15)
Scrolls
 e - 3 scrolls of fear
 i - 2 scrolls of magic mapping
 r - 2 scrolls of remove curse
 s - 2 scrolls of identify
Potions
 d - 2 potions of curing
 k - a potion of mutation
 m - 2 potions of flight {unknown}
Books
 b - a book of Frost

   Spells                             Type                      Level
   a - Freeze                         Ice                          1
   b - Throw Frost                    Conjuration/Ice              2
   c - Ozocubu's Armour               Charms/Ice                   3
   d - Throw Icicle                   Conjuration/Ice              4
   e - Summon Ice Beast               Ice/Summoning                4
 n - a book of Cantrips

   Spells                             Type                      Level
   a - Confusing Touch                Hexes                        1
   b - Animate Skeleton               Necromancy                   1
   c - Summon Small Mammal            Summoning                    1
   d - Apportation                    Translocation                1
 t - a book of Necromancy

   Spells                             Type                      Level
   a - Pain                           Necromancy                   1
   b - Animate Skeleton               Necromancy                   1
   c - Vampiric Draining              Necromancy                   3
   d - Regeneration                   Charms/Necromancy            3
   e - Animate Dead                   Necromancy                   4
   f - Control Undead                 Necromancy                   4


   Skills:
 + Level 6.8 Dodging
 + Level 9.3 Stealth
 + Level 5.3 Spellcasting
 + Level 1.4 Conjurations
 + Level 4.2 Charms
 + Level 2.7 Summonings
 - Level 4.0 Necromancy
 - Level 6.0 Ice Magic


You had 5 spell levels left.
You knew the following spells:

 Your Spells              Type           Power        Failure   Level  Hunger
a - Freeze                Ice            ####         1%          1    None
b - Pain                  Necr           ###.         4%          1    None
c - Animate Skeleton      Necr           N/A          4%          1    None
d - Ozocubu's Armour      Chrm/Ice       ###.....     10%         3    ##.....
e - Throw Frost           Conj/Ice       ###...       8%          2    None
f - Summon Ice Beast      Ice/Summ       ###.....     34%         4    ####...
g - Summon Small Mammal   Summ           ###.         8%          1    None


Dungeon Overview and Level Annotations

Branches:
Dungeon (7/15)             Temple (1/1) D:5

Altars:
Ashenzari
Cheibriados
Dithmenos
Elyvilon
Gozag
Hepliaklqana
Okawaru
Qazlal
Ru
Sif Muna
Trog
Uskayaw
Vehumet
Xom
Yredelemnul
Zin
The Shining One
Lugonu

Shops:
D:7 [

Annotations:
D:5 Grinder


Innate Abilities, Weirdness & Mutations

You have razor-sharp teeth.
You have supernaturally acute eyesight. (SInv)
You can survive without breathing.
You have a pair of small antennae on your head.
You are agile. (Dex +2)
You are dopey. (Int -2)


Message History

You barely miss the orc warrior.
The orc warrior is severely wounded.
The orc warrior hits you with a trident.
* * * LOW HITPOINT WARNING * * *
You feel better. The orc warrior misses you. The orc warrior barely misses you.
Casting: Summon Ice Beast
Confirm with . or Enter, or press ? or * to list all spells.
A chill wind blows around you.
The orc warrior hits you from afar with a trident!
* * * LOW HITPOINT WARNING * * *
You swap places.
Your ice beast hits the orc warrior but does no damage.
The orc warrior hits your ice beast with a trident.
Your ice beast barely misses the orc warrior.
Casting: Summon Ice Beast
Confirm with . or Enter, or press ? or * to list all spells.
You can't see any susceptible monsters within range! (Use Z to cast anyway.)
The orc warrior hits you from afar with a trident!
You die...

### #.# #.# #.###########
#...........# #############
#.########.##
#...........#####.#.######.#
##...........'...#.#......#.#
##...........###@#.#.####.#.#
######........##Y#.#.#.÷..#.#
# #...÷....##o#.#.#.####.##
######........##.#.#.........#
.....#........##.#.###.#######
.....#######'###.#.# #.#
.....# #####.# #.#.# #.#
.....# #.....# #.#.# #.#
.....# #.....# #.#.# #.#


You could see an orc warrior and a friendly ice beast.

Vanquished Creatures
  The ghost of dscm the Sneak, an amateur OpEE of Sif Muna (D:6)
  A human (D:7)
  2 hungry ghosts (D:7)
  An ice beast (D:6)
  A sky beast (D:7)
  A phantom (D:7)
  3 centaurs (D:7)
  2 bullfrogs (D:6)
  A water moccasin skeleton (D:7)
  8 killer bees (D:7)
  3 wights (D:6)
  4 howler monkeys
  3 bullfrog zombies
  2 bullfrog skeletons
  3 orc priests
  12 orc wizards
  An iguana (D:5)
  2 worker ants
  A hound zombie (D:7)
  A hound skeleton (D:7)
  A howler monkey zombie (D:6)
  6 gnolls
  A howler monkey skeleton (D:7)
  10 adders
  An ooze (D:3)
  An adder skeleton (D:7)
  6 worms
  3 dart slugs
  7 leopard geckos
  23 orcs
  2 ball pythons (D:2)
  8 bats
  6 giant cockroaches
  4 goblins
  8 hobgoblins
  9 jackals
  2 quokkas (D:7)
  9 frilled lizards
  12 kobolds
  A leopard gecko skeleton (D:5)
  8 rats
  5 plants (Sewer)
186 creatures vanquished.

Vanquished Creatures (collateral kills)
  2 giant cockroaches (D:6)
2 creatures vanquished.

Grand Total: 188 creatures vanquished

Notes
Turn   | Place    | Note
-------+----------+-------------------------------------------
     0 | D:1      | TryAgain the Vampire Ice Elementalist began the quest for the Orb.
     0 | D:1      | Reached XP level 1. HP: 13/13 MP: 3/3
   394 | D:1      | Reached XP level 2. HP: 19/19 MP: 1/5
  1097 | D:2      | Reached XP level 3. HP: 24/24 MP: 2/6
  1141 | D:2      | Found an iron altar of Okawaru.
  1522 | D:2      | Reached skill level 4 in Stealth
  1573 | D:2      | Found a glowing golden altar of the Shining One.
  1809 | D:2      | Found a faded altar of an unknown god.
  1873 | D:2      | Reached XP level 4. HP: 22/30 MP: 2/7
  2342 | D:3      | Found a shattered altar of Ashenzari.
  2391 | D:3      | Reached XP level 5. HP: 33/35 MP: 5/9
  2508 | D:3      | Learned a level 1 spell: Pain
  2510 | D:3      | Learned a level 1 spell: Animate Skeleton
  2514 | D:3      | Learned a level 3 spell: Ozocubu's Armour
  2650 | D:3      | Reached skill level 5 in Stealth
  2796 | D:3      | Found a glowing silver altar of Zin.
  2892 | D:3      | Found a faded altar of an unknown god.
  2892 | D:3      | Found a stormy altar of Qazlal.
  2897 | D:3      | Found a faded altar of an unknown god.
  2899 | D:3      | Found a faded altar of an unknown god.
  2900 | D:3      | Found a faded altar of an unknown god.
  2949 | D:3      | Found a shimmering altar of Xom.
  3018 | D:3      | Reached skill level 1 in Necromancy
  3430 | D:4      | Reached XP level 6. HP: 24/41 MP: 5/10
  3672 | D:5      | Entered Level 5 of the Dungeon
  3672 | D:5      | Noticed Grinder
  3674 | D:5      | Paralysed by Grinder for 5 turns
  4086 | D:6      | Found a white marble altar of Elyvilon.
  4098 | D:6      | Found a sacrificial altar of Ru.
  4173 | D:6      | Reached skill level 6 in Stealth
  4204 | D:6      | Reached XP level 7. HP: 40/46 MP: 4/12
  4279 | D:6      | Found a glowing drain.
  4282 | D:6      | Noticed dscm's ghost (amateur OpEE)
  4287 | Sewer    | Entered a sewer
  4440 | Sewer    | Reached skill level 5 in Dodging
  4444 | Sewer    | Learned a level 2 spell: Throw Frost
  5003 | Sewer    | Learned a level 4 spell: Summon Ice Beast
  5207 | D:6      | Reached skill level 1 in Conjurations
  5239 | D:6      | Reached skill level 1 in Charms
  5248 | D:6      | Killed dscm's ghost
  5891 | D:5      | Reached skill level 7 in Stealth
  5891 | D:5      | Reached skill level 5 in Ice Magic
  5891 | D:5      | Reached XP level 8. HP: 28/52 MP: 8/13
  5896 | D:5      | Found a staircase to the Ecumenical Temple.
  5910 | D:5      | Found a shadowy altar of Dithmenos.
  5936 | D:5      | Found a snail-covered altar of Cheibriados.
  5940 | Temple   | Entered the Ecumenical Temple
  5973 | Temple   | Became a worshipper of Vehumet
  6007 | D:5      | Gained mutation: You are dopey. (Int -2) [potion of mutation]
  6007 | D:5      | Gained mutation: You have a pair of small antennae on your head. [potion of mutation]
  6007 | D:5      | Gained mutation: You are agile. (Dex +2) [potion of mutation]
  7068 | D:7      | Reached skill level 8 in Stealth
  7302 | D:7      | Learned a level 1 spell: Summon Small Mammal
  7738 | D:7      | Reached skill level 1 in Summonings
  7888 | D:7      | Found Amanil's Antique Armour Shop.
  7896 | D:7      | Bought a slimy leather armour for 231 gold pieces
  7906 | D:7      | Identified the +0 leather armour of the Bells {+Inv} (You bought it in a shop on level 7 of the Dungeon)
  7965 | D:7      | Reached * piety under Vehumet
  7965 | D:7      | Offered knowledge of Sting by Vehumet.
  8176 | D:7      | Reached XP level 9. HP: 51/57 MP: 16/16
  8489 | D:7      | Reached skill level 9 in Stealth
  8489 | D:7      | Reached skill level 5 in Spellcasting
  9812 | D:7      | Mangled by an orc warrior

Skill      XL: |  1  2  3  4  5  6  7  8  9 |
---------------+----------------------------+-----
Dodging        | 3 4 5 6 |  6.8
Stealth        | 4 5 6 7 8 9 |  9.3
Spellcasting   | 3 4 5 |  5.3
Necromancy     | 1 2 3 4 |  4.0
Ice Magic      | 4 5 6 |  6.0
Conjurations   | 1 |  1.4
Charms         | 2 3 4 |  4.2
Summonings     | 1 2 |  2.7

Action                   |  1- 3 |  4- 6 |  7- 9 || total
-------------------------+-------+-------+-------++-------
Melee: Short sword       |    44 |   159 |       ||   203
       Bite              |     2 |    19 |    57 ||    78
       Mace              |       |    24 |   528 ||   552
 Cast: Freeze            |    50 |   106 |   153 ||   309
       Animate Skeleton  |       |       |     2 ||     2
       Ozocubu's Armour  |       |       |     1 ||     1
       Summon Small Mamm |       |       |     5 ||     5
       Summon Ice Beast  |       |       |     3 ||     3
  Use: Potion            |       |     8 |     7 ||    15
       Scroll            |       |    11 |     9 ||    20
 Stab: Sleeping          |     9 |     4 |     3 ||    16
       Distracted        |       |     1 |       ||     1
  Eat: Corpse            |    11 |    15 |    24 ||    50
Armor: Robe              |    15 |     9 |       ||    24
       Leather armour    |       |    63 |   141 ||   204
       Skin              |       |    25 |       ||    25
Dodge: Dodged            |    47 |   206 |   352 ||   605
